 Dungeon Crawl Stone Soup version 0.27-a0-597-g524d869a0f (webtiles) character file.

Game seed: 15328139527635238336

4569 rjrrt the Cleaver (level 10, 0/84 HPs)
             Began as a Minotaur Monk on Mar 11, 2021.
             Was a High Priest of Okawaru.
             Blown up by a gnoll sergeant (33 damage)
             ... with a mindburst bolt
             ... in a bailey.
             The game lasted 00:21:44 (7712 turns).

rjrrt the Cleaver (Minotaur Monk)                   Turns: 7712, Time: 00:21:45

Health: 0/84       AC: 20    Str: 18    XL:     10   Next: 18%
Magic:  13/13      EV:  9    Int:  7    God:    Okawaru [*****.]
Gold:   153        SH:  0    Dex: 14    Spells: 9/9 levels left

rFire    + . .     SeeInvis .   b - +0 war axe
rCold    . . .     Faith    .   (no shield)
rNeg     . . .     Spirit   .   C - +0 plate armour
rPois    .         Reflect  .   p - +2 hat
rElec    .         Harm     .   (no cloak)
rCorr    .         Rampage  .   r - +0 pair of gloves
Will     .....                  u - +1 pair of boots
Stlth    ..........             i - amulet of regeneration
HPRegen  1.24/turn              z - ring of protection from fire
MPRegen  0.13/turn              (no ring)

@: heroic
A: horns 2, retaliatory headbutt
a: Renounce Religion, Heroism, Finesse


You were in a bailey.
You worshipped Okawaru.
Okawaru was extremely pleased with you.
You visited 1 branch of the dungeon, and saw 8 of its levels.
You also visited: Sewer, Ossuary and Bailey.

You collected 373 gold pieces.
You spent 220 gold pieces at shops.

Inventory:

Hand Weapons
 b - a +0 war axe (weapon)
 e - a +1 whip of flaming
 A - a +2 vampiric trident
Missiles
 c - 6 atropa-tipped darts
 k - a curare-tipped dart
 y - 6 javelins (quivered)
Armour
 p - a +2 hat (worn)
 r - a +0 pair of gloves (worn)
 u - a +1 pair of boots (worn)
 C - a +0 plate armour (worn)
Jewellery
 i - an amulet of regeneration (around neck)
 q - a ring of ice
 z - a ring of protection from fire (right hand)
Wands
 l - a wand of flame (10)
 B - a wand of polymorph (6)
Scrolls
 a - 2 scrolls of enchant weapon
 g - a scroll of magic mapping
 h - 7 scrolls of teleportation
 j - 2 scrolls of blinking
 n - a scroll of random uselessness {unknown}
 v - 2 scrolls of enchant armour
 x - a scroll of fear {unknown}
 D - a scroll of identify
Potions
 d - 6 potions of curing
 f - 4 potions of mutation
 m - a potion of lignification
 o - a potion of attraction
 s - a potion of berserk rage
 t - a potion of might
 w - 2 potions of heal wounds


   Skills:
 + Level 6.8(11.8) Fighting
 * Level 12.7(17.7) Axes
 - Level 4.0(9.0) Throwing
 + Level 5.0(10.0) Armour
 - Level 3.8(8.8) Dodging
 - Level 1.9(6.9) Stealth
 + Level 6.6 Invocations


You had 9 spell levels left.
You didn't know any spells.
Your spell library was empty.

Dungeon Overview and Level Annotations

Branches:
Dungeon (8/15)             Temple (0/1) D:5           Sewer (visited)
Ossuary (visited)          Bailey (1/1)
   Lair: D:8-11

Altars:
Elyvilon
Gozag
Okawaru
Zin
The Shining One

Shops:
D:7 *

Annotations:
D:5 1 runed translucent door


Innate Abilities, Weirdness & Mutations

You have a pair of horns on your head.
You reflexively headbutt those who attack you in melee.


Message History

Unknown command.
You hit the gnoll sergeant.
The gnoll sergeant is heavily wounded.
The gnoll sergeant hits you with a +0 halberd!
The gnoll sergeant hits you from afar with a +0 halberd.
You are too injured to fight recklessly!
Unknown command.
You are too injured to fight recklessly!
Unknown command.
You are too injured to fight recklessly!
You are too injured to fight recklessly!
Unknown command.
You are too injured to fight recklessly!
Unknown command.
A gnoll comes into view. It is wielding a +0 spear.
The gnoll sergeant hits you but does no damage.
The gnoll sergeant zaps a wand.
Your mind is blasted!
* * * LOW HITPOINT WARNING * * *
Unknown command.
You are too injured to fight recklessly!
You are too injured to fight recklessly!
Unknown command.
You are too injured to fight recklessly!
Unknown command.
The gnoll shouts!
You hit the gnoll sergeant but do no damage. x2
The gnoll sergeant zaps a wand.
Your mind is blasted!
* * * LOW HITPOINT WARNING * * *
Unknown command.
Unknown command.
You feel much better.
The gnoll sergeant hits you but does no damage.
The gnoll sergeant zaps a wand.
Your mind is blasted!
* * * LOW HITPOINT WARNING * * *
Unknown command.
You feel much better.
The gnoll sergeant hits you with a +0 halberd.
A gnoll sergeant comes into view. It is wielding a +0 halberd.
The gnoll sergeant zaps a wand.
Your mind is blasted!
You die...

≈≈≈≈≈≈≈≈≈≈≈♣ #...≈≈ ##
###..≈ ##. #..≈ #.. #..≈
#.. ##### #..≈ ♣≈ #.g
##...## #..≈
♣≈..##g###.....######..≈
♣≈...g.@#...$.))#...(...
♣≈.....g)..)8..)))..'...
♣≈......#....)))#...'...
♣≈..##'###.....######..≈
♣≈. #.. ##...## #..≈ ♣≈
#.. ##### #..≈ ♣ #..
#..≈ ##. #..≈ ###..≈


You could see 3 gnoll sergeants and a gnoll.

Vanquished Creatures
  A two-headed ogre (D:8)
  Pikel (D:8)
  Sigmund (D:5)
  3 orc warriors
  Purgy (Sewer)
  2 ice beasts (D:5)
  An ogre (D:5)
  A centaur (D:5)
  A phantom (D:2)
  A lemure (D:8)
  A kobold brigand (D:7)
  6 gnoll sergeants
  3 scorpions
  6 killer bees (D:7)
  7 wights (D:7)
  2 centaur zombies (Ossuary)
  2 howler monkeys
  5 hounds
  A jelly (D:7)
  5 orc priests
  A human zombie (Ossuary)
  3 gnoll shamans (Bailey)
  An iguana (D:4)
  4 orc wizards
  3 worker ants
  2 mummies (Ossuary)
  A hound skeleton (D:4)
  2 howler monkey zombies
  2 worker ant zombies
  20 gnolls
  13 adders
  A white imp (D:8)
  An ooze (D:1)
  3 adder zombies
  An adder skeleton (D:6)
  3 worms (D:2)
  3 dart slugs
  6 leopard geckos
  36 orcs
  5 ball pythons
  12 giant cockroaches
  20 goblins
  5 hobgoblins
  9 jackals
  6 kobolds
  10 bats
  7 frilled lizards
  7 hobgoblin zombies (Ossuary)
  3 jackal zombies
  11 kobold zombies (Ossuary)
  9 orc zombies (Ossuary)
  11 rats
  3 rat zombies (Ossuary)
275 creatures vanquished.

Notes
Turn   | Place    | Note
-------+----------+-------------------------------------------
     0 | D:1      | rjrrt the Minotaur Monk began the quest for the Orb.
     0 | D:1      | Reached XP level 1. HP: 19/19 MP: 0/0
   201 | D:1      | Reached XP level 2. HP: 27/27 MP: 1/1
   561 | D:1      | Reached skill level 4 in Axes
  1046 | D:2      | Noticed a phantom
  1098 | D:2      | Reached XP level 3. HP: 33/33 MP: 2/2
  1485 | D:2      | Killed a phantom
  1486 | D:2      | Reached skill level 5 in Axes
  1486 | D:2      | Reached XP level 4. HP: 9/40 MP: 3/3
  1924 | D:2      | Reached skill level 6 in Axes
  1987 | D:2      | Reached XP level 5. HP: 32/46 MP: 4/4
  2441 | D:2      | Found an iron altar of Okawaru.
  2447 | D:2      | Became a worshipper of Warmaster Okawaru
  2447 | D:2      | Reached * piety under Okawaru
  2447 | D:2      | Reached ** piety under Okawaru
  2828 | D:3      | Reached skill level 1 in Invocations
  2834 | D:3      | Reached skill level 7 in Axes
  3068 | D:2      | Reached XP level 6. HP: 31/52 MP: 4/6
  3632 | D:4      | Found a sand-covered staircase.
  3639 | Ossuary  | Entered an ossuary
  3776 | Ossuary  | Reached skill level 8 in Axes
  3933 | D:4      | Reached XP level 7. HP: 18/59 MP: 4/8
  4034 | D:4      | Found a glowing drain.
  4049 | Sewer    | Entered a sewer
  4288 | Sewer    | Noticed Purgy
  4301 | Sewer    | Killed Purgy
  4515 | D:4      | Reached skill level 9 in Axes
  4645 | D:4      | Found a glowing silver altar of Zin.
  4646 | D:4      | Found an opulent altar of Gozag.
  4766 | D:5      | Entered Level 5 of the Dungeon
  4775 | D:5      | Reached *** piety under Okawaru
  4785 | D:5      | Found a white marble altar of Elyvilon.
  4829 | D:5      | Reached XP level 8. HP: 54/66 MP: 10/10
  4864 | D:5      | Noticed Sigmund
  4870 | D:5      | Killed Sigmund
  4871 | D:5      | Reached skill level 10 in Axes
  5134 | D:5      | Found a glowing golden altar of the Shining One.
  5134 | D:5      | Found a runed translucent door.
  5134 | D:5      | Noticed an angel
  5162 | D:5      | Found a staircase to the Ecumenical Temple.
  5481 | D:5      | Reached skill level 1 in Armour
  5481 | D:5      | Reached skill level 5 in Invocations
  5627 | D:6      | Reached skill level 1 in Throwing
  5734 | D:6      | Reached skill level 11 in Axes
  6331 | D:7      | Received a gift from Okawaru
  6398 | D:7      | Reached skill level 5 in Fighting
  6425 | D:7      | Reached XP level 9. HP: 74/74 MP: 9/12
  6585 | D:7      | Found an iron altar of Okawaru.
  6653 | D:7      | Reached **** piety under Okawaru
  6885 | D:7      | Found Peump's General Store.
  6893 | D:7      | Bought a +2 hat for 176 gold pieces
  6898 | D:7      | Bought a scroll of identify for 22 gold pieces
  6899 | D:7      | Bought a scroll of identify for 22 gold pieces
  7055 | D:7      | Found a glowing golden altar of the Shining One.
  7409 | D:8      | Found a flagged portal.
  7409 | D:8      | Noticed Pikel
  7428 | D:8      | Killed Pikel
  7429 | D:8      | Reached skill level 12 in Axes
  7436 | D:8      | Noticed a two-headed ogre
  7447 | D:8      | Killed a two-headed ogre
  7447 | D:8      | Reached ***** piety under Okawaru
  7448 | D:8      | Reached XP level 10. HP: 60/84 MP: 13/13
  7479 | Bailey   | Entered a bailey
  7680 | Bailey   | Reached skill level 5 in Armour
  7710 | Bailey   | HP: 2/84 [disintegration (10)]
  7712 | Bailey   | Blown up by a gnoll sergeant

Illustrated notes

Levels and vault maps discovered:
D:1:      ncdulo_smallfort, layout_loops_cross, patterned_corridor
D:2:      layout_rooms, lemuel_doored_altar, grunt_decor_resistance
D:3:      layout_rooms, minmay_misc_feat_tower
D:4:      layout_cave_pools, grunt_temple_overflow_gold_and_silver,
          chequers_ossuary_entry_cave, portal_sewer_entry_f
D:5:      layout_loops_ring, minmay_temple_entry_junction_2, basic_altar,
          lemuel_angel_altar, uniq_sigmund
D:6:      layout_gridville
D:7:      layout_loops_ring, marbit_many_paths, serial_shops,
          nicolae_shop_waterfront, okawaru_trees_1
D:8:      layout_loops_corners, enter_bailey_5, uniq_pikel
Bailey:   bailey_polearm_gnolls_kennysheep, bailey

Skill      XL: |  1  2  3  4  5  6  7  8  9 10 |
---------------+-------------------------------+-----
Fighting       | 4 5 6 |  6.8
Axes           | 4 5 6 7 8 9 11 12 | 12.7
Invocations    | 1 2 4 5 6 |  6.6
Armour         | 2 4 5 |  5.0
Throwing       | 2 3 4 |  4.0
Dodging        | |  3.8
Stealth        | |  1.9

Action                   |  1- 3 |  4- 6 |  7- 9 | 10-12 || total
-------------------------+-------+-------+-------+-------++-------
Melee: Hand axe          |    54 |       |       |       ||    54
       Headbutt          |    12 |    34 |    62 |    13 ||   121
       War axe           |    24 |   255 |   367 |    70 ||   716
       Punch             |       |       |     1 |     1 ||     2
Throw: Javelin           |       |       |     3 |       ||     3
       Dart              |       |       |     2 |       ||     2
Invok: Heroism           |       |     2 |    10 |     2 ||    14
Evoke: Wand              |       |       |     8 |       ||     8
  Use: Scroll            |       |       |    15 |       ||    15
       Potion            |       |       |     2 |     2 ||     4
 Stab: Sleeping          |     3 |       |     7 |       ||    10
Armor: Robe              |     7 |       |       |       ||     7
       Scale mail        |    17 |    24 |       |       ||    41
       Chain mail        |       |   107 |    19 |       ||   126
       Troll leather arm |       |       |    57 |       ||    57
       Plate armour      |       |       |    44 |    64 ||   108
Dodge: Dodged            |    44 |    96 |   162 |    41 ||   343

Table legend: (Time is in decaauts)
 A = Elapsed time spent in this place.
 B = Non-inter-level travel time spent in this place.
 C = Inter-level travel time spent in this place.
 D = Time resting spent in this place.
 E = Time spent auto-exploring this place.
 F = Levels seen in this place.
 G = Mean time per level.
                   A        B        C        D        E       F      G
               +--------+--------+--------+--------+--------+-----+--------+
         Total |   7711 |   7499 |    212 |   1196 |   3746 |  11 |  701.0 |
       Dungeon |   6811 |   6599 |    212 |   1000 |   3746 |   8 |  851.4 |
         Sewer |    442 |    442 |      0 |    196 |      0 |   1 |  442.0 |
       Ossuary |    240 |    240 |      0 |      0 |      0 |   1 |  240.0 |
        Bailey |    217 |    217 |      0 |      0 |      0 |   1 |  217.0 |
               +--------+--------+--------+--------+--------+-----+--------+

Top non-repeatable levels by time:
     D:2: 1864 daAuts
     D:1: 1211 daAuts
     D:7: 939 daAuts
     D:5: 756 daAuts
     D:6: 742 daAuts
     D:3: 560 daAuts
     D:4: 511 daAuts
   Sewer: 442 daAuts
 Ossuary: 240 daAuts
     D:8: 225 daAuts
  Bailey: 217 daAuts
